AoeStats
← Cuervo

Arabia

508354853Analyzed
3v3 RM · 10d ago on Sep 22, 2026· 87m 32s· 6 players
Game mode
Random Map
Map size
Normal (6 player)
Population
200
Speed
Normal
Resources
Standard
Victory
Conquest
Starting age
Dark Age
Ending age
Imperial Age
RankedLock teamsTeams togetherTeam positionsShared explorationLock speedFull tech treeHidden civsTurbo modeCheats
Victory
Defeat
🇨🇱 Italians · Chile
1172
+14
🇦🇷 Koreans · Argentina
1098
+17
🇦🇷 Vietnamese · Argentina
1083
+18
🇧🇷 Franks · Brazil
1178
-18
🇧🇷 Gurjaras · Brazil
1158
-18
🇧🇷 Koreans · Brazil
1053
-13
Gitu
2:33 Loom
10:59 Feudal Age
11:37 Double-Bit Axe
12:28 Wheelbarrow
11:34 Horse Collar
23:32 Castle Age
22:50 Gold Mining
23:43 Pikeman
26:19 Bloodlines
26:10 Husbandry
27:36 Chatras
28:19 Bow Saw
28:12 Heavy Plow
37:30 Scale Barding Armor
37:44 Forging
43:59 Squires
47:19 Scale Mail Armor
52:16 Imperial Age
51:48 Iron Casting
51:34 Chain Mail Armor
53:38 Iron Casting
53:11 Halberdier
54:48 Hand Cart
60:39 Plate Mail Armor
65:15 Town Watch
77:12 Capped Ram
Cuervo
7:49 Loom
10:16 Feudal Age
11:03 Double-Bit Axe
14:13 Horse Collar
25:04 Castle Age
23:34 Fletching
25:05 Crossbowman
25:56 Thumb Ring
26:26 Bow Saw
26:35 Bodkin Arrow
27:24 Gold Mining
31:42 Wheelbarrow
37:00 Hand Cart
40:03 Gold Shaft Mining
44:20 Imperial Age
41:36 Town Watch
42:23 Forging
42:14 Scale Mail Armor
43:13 Stone Mining
43:46 Squires
44:05 Chain Mail Armor
44:26 Iron Casting
44:40 Stone Shaft Mining
44:31 Ballistics
46:29 Chemistry
45:35 Siege Engineers
49:34 Arbalester
53:13 Bracer
52:39 Heavy Rocket Cart
53:03 Pikeman
54:58 Two-Man Saw
54:08 Elite Skirmisher
54:14 Heavy Rocket Cart
55:09 Masonry
55:18 Imperial Skirmisher
57:40 Plate Mail Armor
59:58 Conscription
60:52 Town Patrol
61:05 Elite Fire Lancer
69:45 Halberdier
VZ | Thyrfing
6:47 Loom
9:14 Feudal Age
10:17 Double-Bit Axe
16:48 Fletching
17:36 Horse Collar
19:54 Padded Archer Armor
20:13 Gold Mining
25:36 Castle Age
25:38 Stone Mining
26:41 Wheelbarrow
25:46 Crossbowman
26:25 Bodkin Arrow
29:28 Ballistics
36:39 Leather Archer Armor
39:30 Imperial Age
38:17 Thumb Ring
42:56 Bracer
43:26 Ring Archer Armor
44:56 Chemistry
44:57 Light Cavalry
45:48 Bloodlines
45:38 Husbandry
46:02 Heavy Plow
46:11 Scale Barding Armor
46:16 Forging
47:55 Stone Shaft Mining
49:11 Chain Barding Armor
49:01 Forging
51:01 Plate Barding Armor
50:15 Hussar
53:01 Elite Genoese Crossbowman
59:35 Iron Casting
65:19 Blast Furnace
85:05 Conscription
Allejo 9
5:47 Loom
11:08 Feudal Age
14:54 Fletching
22:32 Castle Age
20:59 Double-Bit Axe
21:07 Horse Collar
23:40 Bodkin Arrow
28:33 Ballistics
40:09 Elite Skirmisher
48:16 Thumb Ring
50:13 Gold Mining
50:26 Heavy Plow
57:11 Pikeman
65:53 Squires
73:11 Bow Saw
85:22 Wheelbarrow
Felipagem7
1:22 Loom
10:15 Feudal Age
12:17 Scale Barding Armor
13:05 Forging
23:51 Castle Age
25:35 Double-Bit Axe
25:43 Stone Mining
25:43 Gold Mining
26:57 Wheelbarrow
27:02 Fletching
27:44 Chain Barding Armor
32:31 Husbandry
34:32 Iron Casting
33:54 Bodkin Arrow
45:46 Imperial Age
44:44 Hand Cart
45:54 Cavalier
46:08 Elite Skirmisher
47:57 Chemistry
46:53 Murder Holes
48:49 Ballistics
49:16 Bow Saw
50:14 Plate Barding Armor
50:39 Blast Furnace
50:40 Paladin
52:22 Light Cavalry
68:07 Padded Archer Armor
68:08 Scale Mail Armor
xeonish em oto patama
0:35 Loom
10:42 Feudal Age
16:46 Castle Age
16:54 Elite Skirmisher
25:38 Double-Bit Axe
27:42 Fletching
27:53 Padded Archer Armor
29:17 Bodkin Arrow
30:22 Ballistics
31:12 Thumb Ring
50:25 Imperial Age
48:29 Leather Archer Armor
48:54 Wheelbarrow
51:15 Bracer
53:45 Chemistry
53:27 Husbandry
53:38 Bloodlines
53:31 Heavy Camel Rider
58:57 Scale Barding Armor
59:03 Forging
65:00 Bow Saw
70:33 Chain Barding Armor
70:49 Iron Casting
80:33 Light Cavalry
Connection lost

Rejoining the realm…

Still unreachable

The connection could not be restored.

Session expired

The server has moved on; the page needs a fresh start.